% Time on Ice - CALGARY FIREMEN
Lines # - Real PCT - Wanted PCT - Time Play
Normal Forward
1 - 30% - 36% - 14:18
2 - 32% - 31% - 15:04
3 - 29% - 23% - 13:52
4 - 9% - 10% - 4:03
Normal Defense
1 - 30% - 36% - 14:01
2 - 32% - 31% - 15:13
3 - 31% - 23% - 14:48
4 - 7% - 10% - 3:15
PP Forward
1 - 63% - 55% - 0:24
2 - 37% - 45% - 0:14
PP Defense
1 - 63% - 55% - 0:24
2 - 37% - 45% - 0:14
PK Forward
1 - 63% - 55% - 5:48
2 - 37% - 45% - 3:27
PK Defense
1 - 54% - 55% - 4:58
2 - 46% - 45% - 4:17
PK3 Forward
1 - 0% - 55%
2 - 0% - 45%
PK3 Defense
1 - 0% - 55%
2 - 0% - 45%
44 Forward
1 - 59% - 55% - 1:10
2 - 41% - 45% - 0:49
44 Defense
1 - 43% - 55% - 0:51
2 - 57% - 45% - 1:08
Last Minute Offensive  - 0:51
Last Minute Defensive  - 0:00
Total
Forward - 60:00
Defense - 60:00
% Time on Ice - KANSAS CITY KILLERBEES
Lines # - Real PCT - Wanted PCT - Time Play
Normal Forward
1 - 30% - 32% - 14:16
2 - 28% - 31% - 13:12
3 - 24% - 27% - 11:22
4 - 19% - 10% - 9:06
Normal Defense
1 - 38% - 36% - 18:19
2 - 30% - 34% - 14:24
3 - 30% - 22% - 14:36
4 - 1% - 8% - 0:37
PP Forward
1 - 51% - 55% - 4:44
2 - 49% - 45% - 4:31
PP Defense
1 - 44% - 55% - 4:06
2 - 56% - 45% - 5:09
PK Forward
1 - 100% - 55% - 0:38
2 - 0% - 45% - 0:00
PK Defense
1 - 58% - 55% - 0:22
2 - 42% - 45% - 0:16
PK3 Forward
1 - 0% - 55%
2 - 0% - 45%
PK3 Defense
1 - 0% - 55%
2 - 0% - 45%
44 Forward
1 - 47% - 55% - 0:56
2 - 53% - 45% - 1:03
44 Defense
1 - 47% - 55% - 0:56
2 - 53% - 45% - 1:03
Last Minute Offensive  - 0:00
Last Minute Defensive  - 0:12
Total
Forward - 60:00
Defense - 60:00
Play-by-Play 1st period 0:01 of 1st period - Ryan Johansen wins face-off versus MacKenzie Entwistle in neutral zone. 0:01 of 1st period - Jake McCabe is hit by MacKenzie Entwistle. 0:09 of 1st period - Shot by Mattias Janmark-Nylen. 0:09 of 1st period - Shot Misses the Net. 0:11 of 1st period - Shot by Jakob Silfverberg. 0:11 of 1st period - Stopped by Ilya Samsonov without a rebound. 0:12 of 1st period - Mason Marchment wins face-off versus Tyler Johnson in KANSAS CITY KILLERBEES zone. 0:29 of 1st period - Shot by Yakov Trenin. 0:29 of 1st period - Shot Misses the Net. 0:44 of 1st period - Icing by Sean Walker. 0:45 of 1st period - Tyler Tullio wins face-off versus Tyler Johnson in KANSAS CITY KILLERBEES zone. 0:59 of 1st period - Shot by Brett Howden. 0:59 of 1st period - Goal by Brett Howden - CALGARY FIREMEN : 1 - KANSAS CITY KILLERBEES : 0. 1:00 of 1st period - Ryan Johansen wins face-off versus Morgan Barron in neutral zone. 1:13 of 1st period - Shot by Morgan Barron. 1:13 of 1st period - Shot Misses the Net. 1:31 of 1st period - Shot by Morgan Barron. 1:31 of 1st period - Stopped by Kevin Poulin without a rebound. 1:32 of 1st period - MacKenzie Entwistle wins face-off versus Brett Howden in CALGARY FIREMEN zone. 1:32 of 1st period - K'Andre Miller is hit by Andrej Sustr. 1:34 of 1st period - Shot by James van Riemsdyk. 1:34 of 1st period - Stopped by Kevin Poulin with a rebound. 3:04 of 1st period - Shot by Jaret Anderson-Dolan. 3:04 of 1st period - Shot Blocked by Nikita Zadorov. 3:24 of 1st period - Shot by Boone Jenner. 3:24 of 1st period - Stopped by Kevin Poulin without a rebound. 3:25 of 1st period - Ryan Johansen wins face-off versus Morgan Barron in CALGARY FIREMEN zone. 3:47 of 1st period - Icing by Jake McCabe. 3:48 of 1st period - Ryan Johansen wins face-off versus Tyler Johnson in CALGARY FIREMEN zone. 4:17 of 1st period - Shot by Alexis Lafreniere. 4:17 of 1st period - Shot Misses the Net. 5:05 of 1st period - Sean Walker is hit by Andrej Sustr and loses puck. 5:37 of 1st period - Shot by Zach Aston-Reese. 5:37 of 1st period - Shot Misses the Net. 5:42 of 1st period - Morgan Barron is hit by Andrej Sustr and loses puck. 6:58 of 1st period - Shot by K'Andre Miller. 6:58 of 1st period - Shot Misses the Net. 7:14 of 1st period - Shot by Jakob Silfverberg. 7:14 of 1st period - Shot Misses the Net. 7:20 of 1st period - Shot by Ryan Johansen. 7:20 of 1st period - Shot Blocked by Philipp Kurashev. 7:26 of 1st period - Shot by Ryan Johansen. 7:26 of 1st period - Goal by Ryan Johansen - CALGARY FIREMEN : 2 - KANSAS CITY KILLERBEES : 0. 7:27 of 1st period - Nathan Smith wins face-off versus Jaret Anderson-Dolan in neutral zone. 7:48 of 1st period - Shot by Boone Jenner. 7:48 of 1st period - Shot Misses the Net. 7:52 of 1st period - Shot by Boone Jenner. 7:52 of 1st period - Goal by Boone Jenner - CALGARY FIREMEN : 2 - KANSAS CITY KILLERBEES : 1. 7:53 of 1st period - Nicholas Paul wins face-off versus Mattias Janmark-Nylen in neutral zone. 8:06 of 1st period - Shot by Nicholas Paul. 8:06 of 1st period - Shot Misses the Net. 8:12 of 1st period - Shot by Tyler Johnson. 8:12 of 1st period - Goal by Tyler Johnson - CALGARY FIREMEN : 2 - KANSAS CITY KILLERBEES : 2. 8:13 of 1st period - Jaret Anderson-Dolan wins face-off versus Mason Marchment in neutral zone. 8:13 of 1st period - Jaret Anderson-Dolan is hit by Yakov Trenin. 8:17 of 1st period - Shot by Boone Jenner. 8:17 of 1st period - Shot Blocked by Nikita Zadorov. 8:23 of 1st period - Shot by Nicolas Aube-Kubel. 8:23 of 1st period - Stopped by Kevin Poulin without a rebound. 8:24 of 1st period - Tyler Johnson wins face-off versus Ryan Johansen in CALGARY FIREMEN zone. 8:32 of 1st period - Icing by Jamie Oleksiak. 8:33 of 1st period - MacKenzie Entwistle wins face-off versus Ryan Johansen in CALGARY FIREMEN zone. 8:52 of 1st period - Shot by James van Riemsdyk. 8:52 of 1st period - Shot Blocked by Jake McCabe. 8:58 of 1st period - Philipp Kurashev is hit by Ryan Johansen and loses puck. 9:15 of 1st period - Icing by James van Riemsdyk. 9:16 of 1st period - MacKenzie Entwistle wins face-off versus Mason Marchment in KANSAS CITY KILLERBEES zone. 9:16 of 1st period - MacKenzie Entwistle is hit by Yakov Trenin. 9:53 of 1st period - Mason Marchment is hit by Jacob Muzzin and loses puck. 11:12 of 1st period - Shot by Tyler Johnson. 11:12 of 1st period - Shot Misses the Net. 12:28 of 1st period - Icing by K'Andre Miller. 12:29 of 1st period - Yakov Trenin wins face-off versus Jaret Anderson-Dolan in KANSAS CITY KILLERBEES zone. 12:35 of 1st period - Icing by K'Andre Miller. 12:36 of 1st period - Jaret Anderson-Dolan wins face-off versus Yakov Trenin in KANSAS CITY KILLERBEES zone. 13:07 of 1st period - Shot by Yakov Trenin. 13:07 of 1st period - Shot Misses the Net. 13:09 of 1st period - Shot by Nikita Zadorov. 13:09 of 1st period - Shot Blocked by Morgan Barron. 13:11 of 1st period - Shot by Nikita Zadorov. 13:11 of 1st period - Shot Misses the Net. 13:13 of 1st period - Shot by Oskar Lindblom. 13:13 of 1st period - Shot Blocked by Riley Stillman. 13:15 of 1st period - Shot by Oskar Lindblom. 13:15 of 1st period - Shot Blocked by Daniel Walcott. 13:59 of 1st period - Shot by Ryan Johansen. 13:59 of 1st period - Stopped by Ilya Samsonov without a rebound. 14:00 of 1st period - Tyler Johnson wins face-off versus Nathan Smith in KANSAS CITY KILLERBEES zone. 14:06 of 1st period - Off-side. 14:07 of 1st period - Tyler Johnson wins face-off versus Mason Marchment in neutral zone. 14:43 of 1st period - Off-side. 14:44 of 1st period - MacKenzie Entwistle wins face-off versus Mattias Janmark-Nylen in neutral zone. 15:14 of 1st period - Shot by James van Riemsdyk. 15:14 of 1st period - Shot Misses the Net. 15:32 of 1st period - Shot by Boone Jenner. 15:32 of 1st period - Stopped by Kevin Poulin without a rebound. 15:33 of 1st period - Brett Howden wins face-off versus Tyler Johnson in CALGARY FIREMEN zone. 15:48 of 1st period - Shot by Sonny Milano. 15:48 of 1st period - Stopped by Ilya Samsonov without a rebound. 15:49 of 1st period - Morgan Barron wins face-off versus Mason Marchment in KANSAS CITY KILLERBEES zone. 15:49 of 1st period - Jakub Voracek is hit by Mason Marchment and loses puck. 16:10 of 1st period - Morgan Barron is hit by Nikita Zadorov. 16:20 of 1st period - Shot by Morgan Barron. 16:20 of 1st period - Deflect By Jakub Voracek. 16:20 of 1st period - Stopped by Kevin Poulin without a rebound. 16:21 of 1st period - Nathan Smith wins face-off versus Tyler Johnson in CALGARY FIREMEN zone. 16:35 of 1st period - Shot by Nicholas Paul. 16:35 of 1st period - Stopped by Kevin Poulin without a rebound. 16:36 of 1st period - MacKenzie Entwistle wins face-off versus Brett Howden in CALGARY FIREMEN zone. 16:36 of 1st period - MacKenzie Entwistle is hit by Andrej Sustr. 16:37 of 1st period - Minor Penalty to Andrej Sustr for Roughing. 16:38 of 1st period - Ryan Johansen wins face-off versus Morgan Barron in CALGARY FIREMEN zone. 16:58 of 1st period - Shot by James van Riemsdyk. 16:58 of 1st period - Stopped by Kevin Poulin without a rebound. 16:59 of 1st period - Ryan Johansen wins face-off versus Jakub Voracek in CALGARY FIREMEN zone. 18:01 of 1st period - Icing by James van Riemsdyk. 18:02 of 1st period - Ryan Johansen wins face-off versus Morgan Barron in KANSAS CITY KILLERBEES zone. 18:21 of 1st period - Shot by Mattias Ekholm. 18:21 of 1st period - Shot Misses the Net. 18:23 of 1st period - Shot by Mattias Ekholm. 18:23 of 1st period - Stopped by Kevin Poulin with a rebound. 18:41 of 1st period - Brett Howden is hit by Nicolas Aube-Kubel and loses puck. 18:49 of 1st period - Icing by Colton White. 18:50 of 1st period - Jaret Anderson-Dolan wins face-off versus Brett Howden in CALGARY FIREMEN zone. 18:50 of 1st period - Minor Penalty to Andrej Sustr for Hooking. 18:51 of 1st period - Ryan Johansen wins face-off versus Jakub Voracek in CALGARY FIREMEN zone. 18:57 of 1st period - Icing by Nicholas Paul. 18:58 of 1st period - Ryan Johansen wins face-off versus Jakub Voracek in KANSAS CITY KILLERBEES zone. 19:03 of 1st period - Shot by Jakob Silfverberg. 19:03 of 1st period - Shot Blocked by Sean Walker. Goals for this period are 2 for CALGARY FIREMEN vs 2 for KANSAS CITY KILLERBEES. Shots for this period are 5 for CALGARY FIREMEN vs 11 for KANSAS CITY KILLERBEES. 2nd period 0:01 of 2nd period - Morgan Barron wins face-off versus Ryan Johansen in neutral zone. 0:28 of 2nd period - Morgan Barron is hit by Jake McCabe and loses puck. 0:31 of 2nd period - Shot by Mattias Ekholm. 0:31 of 2nd period - Shot Blocked by Jamie Oleksiak. 0:33 of 2nd period - Shot by Morgan Barron. 0:33 of 2nd period - Deflect By Alexis Lafreniere. 0:33 of 2nd period - Shot Misses the Net. 0:35 of 2nd period - Shot by Mattias Ekholm. 0:35 of 2nd period - Shot Blocked by Jake McCabe. 0:37 of 2nd period - Shot by Morgan Barron. 0:37 of 2nd period - Shot Misses the Net. 0:39 of 2nd period - Shot by Alexis Lafreniere. 0:39 of 2nd period - Stopped by Kevin Poulin without a rebound. 0:40 of 2nd period - Mason Marchment wins face-off versus Jakub Voracek in CALGARY FIREMEN zone. 0:51 of 2nd period - Philipp Kurashev is hit by Andrej Sustr. 2:06 of 2nd period - Shot by Ryan Johansen. 2:06 of 2nd period - Shot Misses the Net. 2:12 of 2nd period - Shot by Jakob Silfverberg. 2:12 of 2nd period - Shot Misses the Net. 2:16 of 2nd period - Shot by Ryan Johansen. 2:16 of 2nd period - Shot Blocked by Jacob Muzzin. 2:57 of 2nd period - Mason Marchment is hit by Riley Stillman and loses puck. 3:42 of 2nd period - Shot by Ryan Johansen. 3:42 of 2nd period - Deflect By Fabian Zetterlund. 3:42 of 2nd period - Shot Blocked by Daniel Walcott. 3:57 of 2nd period - Shot by Jamie Oleksiak. 3:57 of 2nd period - Stopped by Ilya Samsonov without a rebound. 3:58 of 2nd period - Brett Howden wins face-off versus Morgan Barron in KANSAS CITY KILLERBEES zone. 5:07 of 2nd period - Shot by Boone Jenner. 5:07 of 2nd period - Deflect By Nicolas Aube-Kubel. 5:07 of 2nd period - Stopped by Kevin Poulin with a rebound. 5:09 of 2nd period - Shot by Boone Jenner. 5:09 of 2nd period - Shot Blocked by Jamie Oleksiak. 5:11 of 2nd period - Shot by Boone Jenner. 5:11 of 2nd period - Shot Blocked by Jamie Oleksiak. 5:16 of 2nd period - Boone Jenner is hit by Jamie Oleksiak and loses puck. 5:19 of 2nd period - Shot by Boone Jenner. 5:19 of 2nd period - Deflect By Jaret Anderson-Dolan. 5:19 of 2nd period - Shot Misses the Net. 5:20 of 2nd period - Minor Penalty to Nicolas Aube-Kubel for Tripping. 5:20 of 2nd period - Minor Penalty to Jake McCabe for High sticking. 5:21 of 2nd period - Fabian Zetterlund wins face-off versus Jakub Voracek in CALGARY FIREMEN zone. 5:32 of 2nd period - Shot by Jakob Silfverberg. 5:32 of 2nd period - Shot Blocked by Mattias Ekholm. 5:51 of 2nd period - Shot by Jakob Silfverberg. 5:51 of 2nd period - Stopped by Ilya Samsonov without a rebound. 5:52 of 2nd period - James van Riemsdyk wins face-off versus Mason Marchment in KANSAS CITY KILLERBEES zone. 6:33 of 2nd period - Icing by Jacob Muzzin. 6:34 of 2nd period - Ryan Johansen wins face-off versus James van Riemsdyk in KANSAS CITY KILLERBEES zone. 6:40 of 2nd period - Shot by Jakob Silfverberg. 6:40 of 2nd period - Shot Misses the Net. 6:46 of 2nd period - Shot by Jakob Silfverberg. 6:46 of 2nd period - Shot Blocked by Sean Walker. 6:54 of 2nd period - Shot by Jakob Silfverberg. 6:54 of 2nd period - Stopped by Ilya Samsonov without a rebound. 6:55 of 2nd period - Jakub Voracek wins face-off versus Ryan Johansen in KANSAS CITY KILLERBEES zone. 7:06 of 2nd period - Shot by Philipp Kurashev. 7:06 of 2nd period - Goal by Philipp Kurashev - CALGARY FIREMEN : 2 - KANSAS CITY KILLERBEES : 3. 7:07 of 2nd period - Jakub Voracek wins face-off versus Mason Marchment in neutral zone. 7:16 of 2nd period - Shot by Jakub Voracek. 7:16 of 2nd period - Stopped by Kevin Poulin without a rebound. 7:17 of 2nd period - Ryan Johansen wins face-off versus Jakub Voracek in CALGARY FIREMEN zone. 7:24 of 2nd period - Mattias Ekholm is hit by Oskar Lindblom and loses puck. 7:34 of 2nd period - Icing by Boone Jenner. 7:35 of 2nd period - Jaret Anderson-Dolan wins face-off versus Nathan Smith in KANSAS CITY KILLERBEES zone. 7:35 of 2nd period - Jaret Anderson-Dolan is hit by Nathan Smith. 8:17 of 2nd period - Jaret Anderson-Dol